 Dungeon Crawl Stone Soup version 0.29-a0-378-gc08b2e8bf8 (webtiles) character file.

Game seed: 9896229116890002956

199 Bruhh the Slasher (level 5, 0/41 HPs)
             Began as a Merfolk Monk on May 5, 2022.
             Was a Believer of Fedhas.
             Engulfed by a steam dragon's steam (8 damage)
             ... on level 4 of the Dungeon.
             The game lasted 00:05:56 (3804 turns).

Bruhh the Slasher (Merfolk Monk)                    Turns: 3804, Time: 00:05:56

Health: 0/41       AC:  5    Str: 11    XL:     5   Next: 77%
Magic:  5/5        EV: 10    Int: 10    God:    Fedhas [**....]
Gold:   144        SH:  8    Dex: 18    Spells: 4/4 levels left

rFire   . . .      SeeInvis .   a - +0 falchion
rCold   . . .      Faith    .   w - +0 kite shield
rNeg    . . .      Spirit   .   x - +0 ring mail
rPois   .          Reflect  .   (no helmet)
rElec   .          Harm     .   (no cloak)
rCorr   .          Rampage  .   (no gloves)
Will    .....                   (no boots)
Stlth   ++........              (no amulet)
HPRegen 0.13/turn               (no ring)
MPRegen 0.09/turn               (no ring)

@: no status effects
A: (nimble swimmer 2), mertail
a: Renounce Religion, Wall of Briars


You were on level 4 of the Dungeon.
You worshipped Fedhas.
Fedhas was pleased with you.
You visited 1 branch of the dungeon, and saw 4 of its levels.

You collected 144 gold pieces.

Inventory:

Hand Weapons
 a - a +0 falchion (weapon)
Armour
 b - a +0 robe
 g - a +0 chain mail
 w - a +0 kite shield (worn)
 x - a +0 ring mail (worn)
Jewellery
 e - a ring of positive energy
 h - a ring of wizardry
 p - a ring of protection from fire
Scrolls
 d - a scroll of fear {unknown}
 f - a scroll of enchant weapon {unknown}
 i - a scroll of acquirement {unknown}
 j - 2 scrolls of teleportation {unknown}
 n - 6 scrolls of identify {unknown}
 q - a scroll of immolation {unknown}
 t - 2 scrolls of enchant armour {unknown}
 u - a scroll of vulnerability {unknown}
Potions
 c - a potion of cancellation {unknown}
 k - a potion of heal wounds {unknown}
 l - a potion of mutation {unknown}
 m - 2 potions of ambrosia
 o - a potion of attraction {unknown}
 r - a potion of flight {unknown}
 s - 2 potions of haste {unknown}
 v - a potion of invisibility {unknown}


   Skills:
 - Level 3.2 Fighting
 + Level 7.5 Long Blades
 - Level 4.0 Dodging
 - Level 2.1 Stealth


You had 4 spell levels left.
You didn't know any spells.
Your spell library contained the following spells:

 Spells                   Type           Power      Damage    Failure   Level
 Animate Skeleton         Necr           0%         N/A       98%         1
 Pain                     Necr           0%         1d4       98%         1
 Ozocubu's Armour         Ice            0%         N/A       100%        3
 Vampiric Draining        Necr           0%         2d6       100%        3
 Fulminant Prism          Conj/Hex       0%         3d6       100%        4
 Iskenderun's Mystic Bla  Conj/Tloc      0%         2d3       100%        4
 Lee's Rapid Deconstruct  Erth           0%         3d5*      100%        5
 Metabolic Englaciation   Hex/Ice        0%         N/A       100%        5
 Simulacrum               Ice/Necr       0%         N/A       100%        6


Dungeon Overview and Level Annotations

Branches:
Dungeon (4/15)
 Temple: D:4-7

Altars:
Fedhas


Innate Abilities, Weirdness & Mutations

((You are very nimble when in or above water. (Stealth+, EV+, Speed+++)))
Your lower body shifts to a powerful aquatic tail in water.


Message History

You destroy the necrophage!
Fedhas accepts your kill.
Your life force feels restored.
Your Long Blades skill increases to level 7!
No target in view!
No target in view!
No target in view!
HP restored. 2 goblins and a steam dragon come into view.
There are monsters nearby!
There are monsters nearby!
There are monsters nearby!
There are monsters nearby!
There are monsters nearby!
Okay, then. 2 goblins and 2 hobgoblins come into view.
The goblin shouts!
The hobgoblin shouts!
The steam dragon hisses angrily.
The goblin shouts! x2; You hear a shout! x2
A hobgoblin comes into view. x2
The goblin unwields a +0 dagger.
The goblin wields a +2 hunting sling of flaming.
It bursts into flame!
The goblin shoots a sling bullet.
You block the sling bullet.
The hobgoblin shouts!
You hear a shout!
You hear a shout!
Unknown command.
The steam dragon breathes steam at you. The ball of steam hits you!!
Ouch! That really hurt!
You are engulfed in a cloud of scalding steam.
* * * LOW HITPOINT WARNING * * *
The steam dragon breathes steam at you. The ball of steam misses you.
You hear a shout!
You are engulfed in a cloud of scalding steam.
* * * LOW HITPOINT WARNING * * *
There is a stone staircase leading down here.
You are engulfed in a cloud of scalding steam.
You die...
Fedhas appreciates your contribution to the ecosystem.

#># #.# ##.########
#.......#.#
#......@..#
#......§..#
#.......§.#
##.......§§#
#########........#§#
......#...#...#..#.#
##...###.##..##D#
#(.<..##.#...##D#
#....###....#...##.#


There were no monsters in sight!

Vanquished Creatures
  A necrophage (D:4)
  7 adders
  2 orcs (D:3)
  10 endoplasms
  A giant cockroach (D:3)
  3 goblins
  6 hobgoblins
  3 jackals (D:1)
  8 kobolds
  8 quokkas
  2 ball pythons (D:2)
  7 bats
  4 frilled lizards
  6 rats
68 creatures vanquished.

Notes
Turn   | Place    | Note
-------+----------+-------------------------------------------
     0 | D:1      | Bruhh the Merfolk Monk began the quest for the Orb.
     0 | D:1      | Reached XP level 1. HP: 18/18 MP: 1/1
    52 | D:1      | Reached skill level 4 in Long Blades
   207 | D:1      | Reached XP level 2. HP: 24/24 MP: 2/2
   943 | D:2      | Reached XP level 3. HP: 29/29 MP: 3/3
   946 | D:2      | Reached skill level 5 in Long Blades
   971 | D:2      | Found a blossoming altar of Fedhas.
  1632 | D:2      | Reached XP level 4. HP: 13/35 MP: 4/4
  1975 | D:2      | Reached skill level 6 in Long Blades
  2283 | D:2      | Became a worshipper of Fedhas Madash
  2283 | D:2      | Reached * piety under Fedhas
  2283 | D:2      | Reached ** piety under Fedhas
  2761 | D:3      | Reached XP level 5. HP: 32/41 MP: 5/5
  3086 | D:3      | Found a faded altar of an unknown god.
  3524 | D:4      | Noticed a black bear
  3681 | D:4      | Reached skill level 7 in Long Blades
  3789 | D:4      | Noticed a steam dragon
  3804 | D:4      | Engulfed by a steam dragon's steam

Illustrated notes

Levels and vault maps discovered:
D:1:      wander_arrival_estate, layout_basic
D:2:      layout_loops_cross, basic_altar
D:3:      minmay_chambers_of_threes, layout_loops_corners,
          hellmonk_ecumenical_altar_prayer_group
D:4:      layout_rooms, sigmund_army, uniq_edmund, uniq_robin

Skill      XL: |  1  2  3  4  5 |
---------------+----------------+-----
Long Blades    | 4 5 6 7 |  7.5
Fighting       | |  3.2
Dodging        | |  4.0
Stealth        | |  2.1

Action                   |  1- 3 |  4- 6 || total
-------------------------+-------+-------++-------
Melee: Falchion          |   113 |   102 ||   215
       Punch             |     1 |       ||     1
  Use: Potion            |     3 |       ||     3
 Stab: Sleeping          |     9 |     5 ||    14
Armor: Robe              |    18 |    14 ||    32
       Ring mail         |       |     4 ||     4
Dodge: Dodged            |   106 |    63 ||   169
Block: Kite shield       |       |     9 ||     9

Table legend: (Time is in decaauts)
 A = Elapsed time spent in this place.
 B = Non-inter-level travel time spent in this place.
 C = Inter-level travel time spent in this place.
 D = Time resting spent in this place.
 E = Time spent auto-exploring this place.
 F = Levels seen in this place.
 G = Mean time per level.
                   A        B        C        D        E       F      G
               +--------+--------+--------+--------+--------+-----+--------+
         Total |   3813 |   3558 |    255 |      0 |   2992 |   4 |  953.2 |
       Dungeon |   3813 |   3558 |    255 |      0 |   2992 |   4 |  953.2 |
               +--------+--------+--------+--------+--------+-----+--------+

Top non-repeatable levels by time:
     D:2: 1383 daAuts
     D:3: 1329 daAuts
     D:1: 944 daAuts
     D:4: 155 daAuts
